 Dungeon Crawl Stone Soup version 0.22-a0-396-g3f858e3 (webtiles) character file.

79084 iamserjio the Devastator (level 15, -24/115 HPs)
             Began as a Barachi Wizard on May 3, 2018.
             Was a High Priest of Vehumet.
             Hit by a large rock thrown by a stone giant (37 damage)
             ... on level 2 of the Depths.
             The game lasted 02:52:13 (30441 turns).

iamserjio the Devastator (Barachi Wizard)          Turns: 30441, Time: 02:52:14

Health: -24/115    AC: 13    Str:  8    XL:     15   Next: 62%
Magic:  43/56      EV: 16    Int: 25    God:    Vehumet [*****.]
Gold:   950        SH:  4    Dex: 11    Spells: 6/40 levels left

rFire    . . .     SeeInvis .   K - staff of power
rCold    + . .     Gourm    .   (no shield)
rNeg     . . .     Faith    .   B - +2 robe {rC+}
rPois    .         Spirit   .   x - +2 helmet
rElec    .         Reflect  +   T - scarf {repulsion}
rCorr    .         Harm     .   i - +2 pair of gloves {archery}
MR       +....                  c - +2 pair of boots
Stlth    +++.......             u - +4 amulet of reflection
HPRegen  0.29/turn              D - ring of magical power
MPRegen  0.35/turn              G - ring of stealth

@: repel missiles, slow
A: +LOS, swims, slowness 1, strong legs 2
a: Hop, Renounce Religion


You were on level 2 of the Depths.
You worshipped Vehumet.
Vehumet was extremely pleased with you.
You were not hungry.

You visited 3 branches of the dungeon, and saw 18 of its levels.
You also visited: Bailey.

You collected 2186 gold pieces.
You spent 1236 gold pieces at shops.

Inventory:

Hand Weapons
 A - a +8 dagger of venom
 O - the +9 sword of Zonguldrok {reap}
   (You took it off a frost giant on level 1 of the Depths)

   If a monster killed with it leaves a corpse in good enough shape, the corpse
   will be animated as a zombie friendly to the killer.
Armour
 c - a +2 pair of boots (worn)
 i - a +2 pair of gloves of archery (worn)
 s - a scarf of spirit shield
 t - a +3 leather armour of poison resistance
 w - a +3 leather armour of positive energy
 x - a +2 helmet (worn)
 y - a +0 cloak
 B - a +2 robe of cold resistance (worn)
 P - a +2 scale mail of cold resistance
 T - a scarf of repulsion (worn)
 U - a +2 robe of fire resistance
Magical Staves
 K - an uncursed staff of power (weapon)
Jewellery
 p - an uncursed ring of fire
 u - a +4 amulet of reflection (around neck)
 D - a ring of magical power (left hand)
 G - a ring of stealth (right hand)
 J - an uncursed amulet of guardian spirit {unknown}
 M - an uncursed ring of magical power
Wands
 a - a wand of iceblast (29)
 F - a wand of polymorph (30)
 H - a wand of acid (6)
 L - a wand of digging (7)
 X - a wand of disintegration (14)
Scrolls
 f - 2 scrolls of holy word
 g - 4 scrolls of teleportation
 j - 8 scrolls of remove curse
 q - a scroll of magic mapping
 v - a scroll of brand weapon {unknown}
 z - 2 scrolls of fog
 C - 2 scrolls of blinking
 E - 2 scrolls of fear
 R - a scroll of identify
 S - 2 scrolls of torment
 W - a scroll of immolation
Potions
 b - 2 potions of haste
 e - a potion of curing
 h - 4 potions of brilliance
 k - 3 potions of berserk rage
 l - a potion of resistance
 m - 2 potions of degeneration {unknown}
 n - 2 potions of cancellation
 r - 2 potions of invisibility
 I - 7 potions of flight
 Q - a potion of lignification {unknown}
 V - 2 potions of magic {unknown}
Miscellaneous
 o - 2 boxes of beasts
 Y - a lightning rod (4/4)
Comestibles
 d - 8 rations


   Skills:
 - Level 10.0 Fighting
 - Level 8.0 Dodging
 - Level 1.7 Stealth
 + Level 13.4 Spellcasting
 * Level 16.4 Conjurations
 - Level 7.0 Summonings
 - Level 1.1 Translocations
 + Level 13.3 Fire Magic
 - Level 5.0 Earth Magic


You had 6 spell levels left.
You knew the following spells:

 Your Spells              Type           Power        Failure   Level  Hunger
a - Magic Dart            Conj           ####         0%          1    None
b - Call Imp              Summ           ######..     1%          2    None
d - Spellforged Servitor  Conj/Summ      ######....   7%          7    ######.
e - Blink                 Tloc           N/A          3%          2    None
f - Sting                 Conj/Pois      ####         1%          1    None
g - Iron Shot             Conj/Erth      ######....   1%          6    #####..
h - Fireball              Conj/Fire      ######....   1%          5    ###....
i - Iskenderun's Mystic   Conj           #######.     1%          4    None
j - Bolt of Magma         Conj/Fire/Erth ######....   1%          5    ###....
l - Apportation           Tloc           ###...       2%          1    None


Dungeon Overview and Level Annotations

Branches:
Dungeon (15/15)            Temple (1/1) D:7            Lair (0/6) D:11
    Orc (0/2) D:11         Vaults (0/5) D:14         Depths (2/5) D:15

Altars:
Ashenzari
Cheibriados
Dithmenos
Elyvilon
Fedhas
Hepliaklqana
Kikubaaqudgha
Makhleb
Nemelex Xobeh
Trog
Vehumet
Xom
Yredelemnul

Shops:
D:13 :([%   Depths:1 (

Portals:
Hell: Depths:1 Depths:2
Abyss: Depths:1
Ziggurat: Depths:1


Innate Abilities, Weirdness & Mutations

Shadows flee at your approach. (+LOS)
You can swim through water.
You cover ground slowly.
You can hop long distances.


Message History

The yaktaur shouts!
The yaktaur captain shoots a bolt.
The bolt hits you!!!
The stone giant throws a large rock.
The large rock is repelled.
Casting: Fireball (safe; 1% risk of failure)
Confirm with . or Enter, or press ? or * to list all spells.
Aiming: Fireball (safe; 1% risk of failure)
Press: ? - help, Shift-Dir - straight line The fireball explodes!
The fireball engulfs the yaktaur captain.
The yaktaur captain is almost dead.
The stone giant throws a large rock.
The large rock closely misses you.
The yaktaur captain shoots a bolt.
The bolt hits you!!
* * * LOW HITPOINT WARNING * * *
The yaktaur shoots a bolt.
The bolt hits you!!
* * * LOW HITPOINT WARNING * * *
The yaktaur shoots a bolt.
You reflect the bolt off an invisible shield around you!
The bolt barely misses the yaktaur.
The stone giant throws a large rock.
The large rock hits you!!!
You die...

#.........(.).......#
#...(...(...........#
#...................'
#...................#
#...................#
#...................#
#..................>#
#...................#
#...@...............#
#...................+
#...................#
#.................
#................
#...............
+...........c...
#.$.....(..cC...
#..........cc...


You could see a stone giant, a yaktaur captain and 3 yaktaurs.

Vanquished Creatures
  Sojobo (Depths:1)
  A tentacled monstrosity (Depths:1)
  3 tengu reavers
  A fire giant (Depths:1)
  2 frost giants
  The ghost of Feta the Protected, a journeyman GnWn of Okawaru (D:13)
  A stone giant (Depths:1)
  2 ettins
  A great orb of eyes (Depths:2)
  3 yaktaur captains
  4 fire dragons
  2 hydras
  An ice dragon (Depths:2)
  A spriggan air mage (Depths:2)
  2 ogre magi
  12 two-headed ogres
  2 dancing weapons (D:14)
  A tengu warrior (D:15)
  3 centaur warriors
  A deep troll shaman (Depths:2)
  2 vampire magi
  An iron troll (Depths:2)
  A sixfirhy (D:9)
  An unseen horror (D:15)
  2 deep trolls (Depths:2)
  2 deep elf magi (D:13)
  A cyclops (D:13)
  A wolf spider (D:15)
  A mana viper (shapeshifter) (Depths:1)
  11 ugly things
  A cyclops (shapeshifter) (D:13)
  A moth of wrath (shapeshifter) (D:15)
  3 centaur zombies
  A gargoyle (D:10)
  A redback zombie (D:14)
  8 yaktaurs
  2 tengu conjurers (Depths:2)
  3 trolls
  5 hornets
  11 slime creatures
  4 hippogriffs
  8 redbacks (Depths:1)
  A water elemental (Depths:1)
  15 yaks
  2 shadows
  A wraith (D:15)
  Eustachio (D:6)
  A wyvern (D:15)
  3 vampire mosquitoes (D:13)
  Menkaure (D:7)
  2 hungry ghosts
  3 acid dragons
  2 soldier ants (D:10)
  Duvessa (D:4)
  A water moccasin (D:12)
  2 hell hounds (D:11)
  16 orc warriors
  5 ice beasts
  5 sky beasts
  2 black bears
  2 phantoms
  8 ogres
  2 eyes of draining
  A necrophage (D:10)
  10 boggarts
  4 centaurs
  5 big kobolds
  A gnoll sergeant (D:10)
  13 bullfrogs
  A wyvern skeleton (D:13)
  Dowan (D:4)
  A scorpion (D:12)
  11 killer bees
  8 wights (D:9)
  4 howler monkeys
  An electric eel (D:14)
  11 crimson imps
  A bullfrog zombie (D:5)
  8 orc priests
  4 orc wizards
  5 hounds
  8 centaur skeletons
  4 jellies
  Crazy Yiuf (D:6)
  4 bullfrog skeletons
  2 iguanas
  9 worker ants
  2 hound zombies
  A howler monkey zombie (D:9)
  A worker ant zombie (D:6)
  Robin (D:3)
  14 adders
  11 gnolls
  6 shadow imps
  An ooze (D:4)
  An adder skeleton (D:5)
  A worm (D:4)
  A dart slug (D:1)
  6 leopard geckos
  57 orcs
  9 bats
  4 giant cockroaches
  11 hobgoblins
  9 jackals
  35 kobolds
  8 quokkas
  2 ball pythons
  7 frilled lizards
  19 goblins
  A jackal skeleton (D:8)
  A leopard gecko zombie (D:5)
  A quokka skeleton (D:7)
  A quokka zombie (D:5)
  8 rats
  2 butterflies (D:5)
  2 plants (Depths:1)
533 creatures vanquished.

Vanquished Creatures (collateral kills)
  A very ugly thing (Depths:1)
  A stone giant (Depths:1)
  2 ettins
  An ice dragon (Depths:1)
  A two-headed ogre (Depths:2)
  A deep troll shaman (Depths:2)
  A spriggan berserker (Depths:2)
  A deep troll (Depths:2)
  A flayed ghost (Depths:2)
  2 glowing orange brains
  4 yaktaurs (Depths:2)
  A killer bee (D:12)
  An orc wizard (D:3)
  2 orcs (D:3)
20 creatures vanquished.

Vanquished Creatures (others)
  A centaur warrior (D:15)
  2 yaktaurs
  A human (D:3)
  An orc wizard (D:10)
  12 plants (Depths:1)
17 creatures vanquished.

Grand Total: 570 creatures vanquished

Notes
Turn   | Place    | Note
-------+----------+-------------------------------------------
     0 | D:1      | iamserjio the Barachi Wizard began the quest for the Orb.
     0 | D:1      | Reached XP level 1. HP: 13/13 MP: 4/4
   460 | D:1      | Reached XP level 2. HP: 19/19 MP: 0/6
   578 | D:1      | Reached skill level 2 in Conjurations
  1234 | D:1      | Learned a level 2 spell: Call Imp
  1317 | D:2      | Reached XP level 3. HP: 18/24 MP: 0/8
  1411 | D:2      | Found a white marble altar of Elyvilon.
  2055 | D:2      | Reached XP level 4. HP: 30/30 MP: 7/10
  2164 | D:2      | Found a shadowy altar of Dithmenos.
  2271 | D:3      | Reached skill level 3 in Conjurations
  2300 | D:3      | Learned a level 3 spell: Conjure Flame
  2404 | D:3      | Learned a level 3 spell: Mephitic Cloud
  2950 | D:3      | Reached XP level 5. HP: 35/35 MP: 9/11
  2968 | D:3      | Noticed Robin
  3055 | D:3      | Killed Robin
  3255 | D:3      | Found an ancient bone altar of Kikubaaqudgha.
  3255 | D:3      | Noticed a human
  3260 | D:3      | Killed a human
  3798 | D:4      | Learned a level 2 spell: Blink
  3810 | D:4      | Reached skill level 1 in Fire Magic
  4261 | D:4      | Reached skill level 4 in Conjurations
  4267 | D:4      | Reached skill level 5 in Spellcasting
  4267 | D:4      | Reached XP level 6. HP: 41/41 MP: 4/13
  4414 | D:4      | Noticed Duvessa
  4415 | D:4      | Noticed Dowan
  4594 | D:4      | Killed Dowan
  4770 | D:4      | Killed Duvessa
  4770 | D:4      | Reached XP level 7. HP: 17/46 MP: 0/15
  5129 | D:5      | Entered Level 5 of the Dungeon
  5576 | D:5      | Found a shimmering altar of Xom.
  5606 | D:5      | Reached skill level 5 in Conjurations
  6737 | D:6      | Reached XP level 8. HP: 50/52 MP: 9/17
  6885 | D:6      | Reached skill level 6 in Conjurations
  6890 | D:6      | Reached skill level 5 in Fire Magic
  7340 | D:6      | Noticed Eustachio
  7411 | D:6      | Killed Eustachio
  7747 | D:6      | Found a shattered altar of Ashenzari.
  7749 | D:6      | Reached skill level 7 in Conjurations
  7753 | D:6      | Found a runed door.
  7754 | D:6      | Noticed Crazy Yiuf
  8385 | D:6      | Killed Crazy Yiuf
  8601 | D:7      | Reached XP level 9. HP: 57/57 MP: 14/20
  8841 | D:7      | Noticed Menkaure
  8854 | D:7      | Killed Menkaure
  9001 | D:7      | Found a staircase to the Ecumenical Temple.
  9012 | Temple   | Entered the Ecumenical Temple
  9045 | Temple   | Became a worshipper of Vehumet
  9424 | D:8      | Reached skill level 8 in Conjurations
  9812 | D:8      | Reached * piety under Vehumet
  9812 | D:8      | Offered knowledge of Sting by Vehumet.
  9942 | D:8      | Learned a level 1 spell: Sting
 10035 | D:8      | Noticed a two-headed ogre
 10045 | D:8      | Killed a two-headed ogre
 10045 | D:8      | Reached skill level 9 in Conjurations
 10309 | D:8      | Reached XP level 10. HP: 63/63 MP: 15/22
 10685 | D:9      | Noticed a two-headed ogre
 10688 | D:9      | Reached skill level 1 in Fighting
 10907 | D:9      | Found a blossoming altar of Fedhas.
 10911 | D:9      | Noticed a two-headed ogre
 10927 | D:9      | Killed a two-headed ogre
 10927 | D:9      | Reached skill level 10 in Conjurations
 10942 | D:9      | Found a flagged portal.
 10960 | Bailey   | Entered a bailey
 11112 | Bailey   | Offered knowledge of Throw Flame by Vehumet.
 11116 | Bailey   | Learned a level 2 spell: Throw Flame
 11125 | Bailey   | Reached ** piety under Vehumet
 11749 | D:9      | Killed a two-headed ogre
 11749 | D:9      | Reached skill level 5 in Fighting
 11799 | D:9      | Offered knowledge of Inner Flame by Vehumet.
 12413 | D:9      | Noticed a sixfirhy
 12415 | D:9      | Found a runed door.
 12742 | D:10     | Entered Level 10 of the Dungeon
 12750 | D:10     | Reached XP level 11. HP: 75/81 MP: 24/24
 12817 | D:10     | Paralysed by an orc warrior for 3 turns
 12929 | D:10     | Reached skill level 11 in Conjurations
 13050 | D:10     | Paralysed by an orc warrior for 7 turns
 13177 | D:10     | Reached *** piety under Vehumet
 13490 | D:10     | Learned a level 3 spell: Inner Flame
 13618 | D:10     | Offered knowledge of Iskenderun's Mystic Blast by Vehumet.
 13618 | D:10     | Reached skill level 5 in Dodging
 14452 | D:10     | Paralysed by a hornet for 1 turns
 15095 | D:11     | Learned a level 4 spell: Iskenderun's Mystic Blast
 15176 | D:11     | Found a staircase to the Orcish Mines.
 15509 | D:11     | Found a staircase to the Lair.
 15607 | D:11     | Noticed a white ugly thing
 15613 | D:11     | Reached **** piety under Vehumet
 15615 | D:11     | Killed a white ugly thing
 15768 | D:11     | Identified the Papyrus of the Cloudy Mountains
 15776 | D:11     | Learned a level 5 spell: Bolt of Magma
 15869 | D:11     | Offered knowledge of Bolt of Draining by Vehumet.
 16398 | D:12     | Reached skill level 10 in Spellcasting
 16398 | D:12     | Reached skill level 12 in Conjurations
 16770 | D:12     | Reached XP level 12. HP: 88/92 MP: 26/26
 17047 | D:12     | Noticed a two-headed ogre
 17047 | D:12     | Noticed a five-headed hydra
 17055 | D:12     | Killed a five-headed hydra
 17055 | D:12     | Reached skill level 1 in Earth Magic
 17062 | D:12     | Killed a two-headed ogre
 18216 | D:13     | Noticed a two-headed ogre
 18222 | D:13     | Killed a two-headed ogre
 18407 | D:13     | Noticed a two-headed ogre
 18417 | D:13     | Killed a two-headed ogre
 18430 | D:13     | Learned a level 5 spell: Bolt of Draining
 18486 | D:13     | Learned a level 1 spell: Apportation
 18498 | D:13     | Found Ceezops's Food Emporium.
 18538 | D:13     | Found Emaonk's Antique Armour Shop.
 18613 | D:13     | Found Faweiban's Antique Weapon Shop.
 18616 | D:13     | Noticed Feta's ghost (journeyman GnWn)
 19051 | D:13     | Killed Feta's ghost
 19320 | D:13     | Found Qeopneho's Book Boutique.
 19325 | D:13     | Bought a book of Flames for 455 gold pieces
 19325 | D:13     | Bought a book of Power for 585 gold pieces
 19380 | D:13     | Bought a ration for 50 gold pieces
 19380 | D:13     | Bought a ration for 50 gold pieces
 19439 | D:13     | Bought an embroidered robe for 96 gold pieces
 19471 | D:13     | Learned a level 5 spell: Fireball
 19600 | D:14     | Reached ***** piety under Vehumet
 19821 | D:14     | Offered knowledge of Ozocubu's Refrigeration by Vehumet.
 19821 | D:14     | Reached skill level 5 in Earth Magic
 20043 | D:14     | Found a gate to the Vaults.
 20097 | D:14     | Reached skill level 10 in Fire Magic
 20097 | D:14     | Gained mutation: You can hop long distances. [Barachi growth]
 20097 | D:14     | Reached XP level 13. HP: 101/101 MP: 27/27
 20280 | D:14     | Reached skill level 13 in Conjurations
 20702 | D:15     | Entered Level 15 of the Dungeon
 22434 | D:15     | Found a staircase to the Depths.
 22729 | D:15     | Reached skill level 14 in Conjurations
 23205 | D:9      | Reached XP level 14. HP: 86/108 MP: 30/30
 23495 | D:15     | Learned a level 6 spell: Iron Shot
 23667 | Depths:1 | Entered Level 1 of the Depths
 23667 | Depths:1 | Noticed Sojobo
 23667 | Depths:1 | Noticed a tengu reaver
 23667 | Depths:1 | Noticed a tengu reaver
 24124 | D:15     | Killed a tengu reaver
 24297 | D:15     | Identified a scroll of acquirement
 24668 | Depths:1 | Found Wentysk's Weapon Emporium.
 24683 | Depths:1 | Noticed a stone giant
 24937 | Depths:1 | Noticed a frost giant
 24937 | Depths:1 | Noticed a fire giant
 24987 | Depths:1 | Found a gateway to a ziggurat.
 25088 | Depths:1 | Reached skill level 10 in Fighting
 25212 | Depths:1 | Found a sparkling altar of Nemelex Xobeh.
 25357 | Depths:1 | Found a one-way gate to the infinite horrors of the Abyss.
 25544 | Depths:1 | Upgraded the game from 0.22-a0-395-gfed312b to 0.22-a0-396-g3f858e3
 25547 | Depths:1 | Found a gateway to Hell.
 25559 | Depths:1 | Learned a level 7 spell: Spellforged Servitor
 25750 | Depths:1 | Noticed a white very ugly thing
 26104 | Depths:1 | Noticed a tentacled monstrosity
 26339 | Depths:1 | Killed a white very ugly thing
 26369 | Depths:1 | Noticed a stone giant
 26374 | Depths:1 | Killed a stone giant
 26505 | Depths:1 | Killed a frost giant
 26521 | Depths:1 | Noticed a tengu reaver
 26740 | Depths:1 | Killed a tengu reaver
 26740 | Depths:1 | Reached skill level 5 in Summonings
 26907 | Depths:1 | Reached skill level 15 in Conjurations
 27053 | Depths:1 | Killed a fire giant
 27256 | Depths:1 | Killed a tengu reaver
 27272 | Depths:1 | Killed Sojobo
 27658 | Depths:2 | Noticed a stone giant
 27902 | Depths:1 | Killed a tentacled monstrosity
 27902 | Depths:1 | Reached XP level 15. HP: 115/115 MP: 31/31
 28729 | Depths:2 | Noticed a frost giant
 28732 | Depths:2 | Killed a frost giant
 28916 | Depths:2 | Reached skill level 16 in Conjurations
 30441 | Depths:2 | Hit by a large rock thrown by a stone giant

Vault maps used:
D:1:      sevenhm_arrival_forest_fort_large_2
D:2:      nicolae_overflow_hidden_temple, elyvilon_altar_3, first_ration
D:3:      kennysheep_goblin_castle, minmay_misc_feat_enclosed,
          dk_noncrumbling_3, tgw_kikubaaqudgha
D:4:      uniq_duvessa
D:5:      xom_butterflies, minmay_misc_feat_tiny
D:6:      ashenzari_conservatory_becter, portal_sewer_entry_e,
          minmay_unpleasant_kobolds, uniq_crazy_yiuf_cottage, uniq_eustachio
D:7:      minmay_temple_entry_trees, roderic_serpentine_path, uniq_menkaure
D:9:      cheibrodos_shockbox, lemuel_crystal_altar, enter_bailey_2
D:10:     special_room, kennysheep_minor_cross, hangedman_pestilent_swarm,
          minmay_misc_feat_columns
D:11:     minmay_lair_entry_lava, david_orc_2
D:13:     serial_shops, shop, shop_statue, shop, nicolae_shop_trees
D:14:     erik_vaults_1, minmay_misc_feat_rows, serial_bayou_pond_b
D:15:     hangedman_depths_entry_try_elsewhere_first,
          hangedman_decor_peaks_small
Temple:   minmay_crystal_spiral_temple
Depths:1: enter_ziggurat_b, serial_shops, shop, lemuel_crystal_altar,
          abyss_entry, hell_entry, kennysheep_cross_bottleneck,
          serial_bayou_pond_c, spider_trap, minmay_pinched_square, uniq_sojobo
Depths:2: minmay_mutant_horseshoe, hell_entry
Bailey:   bailey_axe_4, bailey

Skill      XL: |  1  2  3  4  5  6  7  8  9 10 11 12 13 14 15 |
---------------+----------------------------------------------+-----
Conjurations   | 2 3 4 5 7 9 10 12 14 15 16 | 16.4
Spellcasting   | 4 5 6 7 8 9 10 12 13 | 13.4
Fire Magic     | 2 3 4 6 7 8 9 10 11 12 13 | 13.3
Fighting       | 6 7 9 10 | 10.0
Dodging        | 4 6 7 8 |  8.0
Earth Magic    | 5 |  5.0
Summonings     | 6 7 |  7.0
Stealth        | |  1.7
Translocations | |  1.1

Action                   |  1- 3 |  4- 6 |  7- 9 | 10-12 | 13-15 || total
-------------------------+-------+-------+-------+-------+-------++-------
Melee: Unarmed           |    25 |       |       |       |       ||    25
       Short sword       |     3 |       |       |       |       ||     3
       Spear             |     4 |    71 |       |       |       ||    75
       Dagger            |       |    25 |    89 |   316 |    15 ||   445
       Trident           |       |    10 |       |     1 |       ||    11
       Staff             |       |       |       |     5 |    49 ||    54
 Cast: Magic Dart        |    74 |   126 |   349 |   538 |    45 ||  1132
       Call Imp          |       |     4 |     4 |       |       ||     8
       Conjure Flame     |       |    12 |    17 |    64 |    22 ||   115
       Mephitic Cloud    |       |       |     6 |    47 |       ||    53
       Blink             |       |       |     1 |     6 |     3 ||    10
       Sting             |       |       |     1 |       |     1 ||     2
       Bolt of Magma     |       |       |       |    40 |    22 ||    62
       Throw Flame       |       |       |       |     9 |       ||     9
       Iskenderun's Myst |       |       |       |    23 |    20 ||    43
       Fireball          |       |       |       |    25 |   118 ||   143
       Iron Shot         |       |       |       |       |   109 ||   109
       Spellforged Servi |       |       |       |       |    15 ||    15
 Abil: Hop               |       |     1 |     2 |     2 |     7 ||    12
Evoke: Wand              |       |    15 |     5 |     5 |    18 ||    43
       Lightning rod     |       |       |       |       |     3 ||     3
  Use: Scroll            |       |     6 |    12 |    14 |    15 ||    47
       Potion            |       |       |       |     3 |     8 ||    11
 Stab: Distracted        |       |     1 |       |       |       ||     1
       Confused          |       |       |     1 |     5 |       ||     6
       Paralysed         |       |       |       |     2 |       ||     2
  Eat: Chunk             |     4 |    10 |    12 |    24 |    15 ||    65
       Ration            |       |       |     2 |     6 |    20 ||    28
Armor: Robe              |    22 |    19 |    52 |   112 |    29 ||   234
       Leather armour    |       |       |       |     5 |    26 ||    31
Dodge: Dodged            |    31 |    45 |    94 |   275 |   107 ||   552
       Deflected         |       |       |       |       |    30 ||    30
Block: Other             |       |       |       |     1 |    38 ||    39
       Reflection        |       |       |       |       |    15 ||    15

Table legend:
 A = Spawn XP
 B = Non-spawn XP
 C = Spawn XP percentage of total XP
 D = Spawn monster count
 E = Non-spawn monster count
 F = Spawn count percentage of total count
 G = Total turns spent on level
                    A         B        C        D         E        F      G
               +---------+---------+-------+---------+---------+-------+---------
         Total |       0 |  112978 |   0.0 |       0 |     552 |   0.0 | 30441
               +---------+---------+-------+---------+---------+-------+---------
           D:1 |       0 |      32 |   0.0 |       0 |      22 |   0.0 |  1235
           D:2 |       0 |      50 |   0.0 |       0 |      10 |   0.0 |  1141
           D:3 |       0 |     135 |   0.0 |       0 |      41 |   0.0 |  1625
           D:4 |       0 |     407 |   0.0 |       0 |      15 |   0.0 |  1216
           D:5 |       0 |     463 |   0.0 |       0 |      26 |   0.0 |  1623
           D:6 |       0 |    1191 |   0.0 |       0 |      26 |   0.0 |  1643
           D:7 |       0 |     686 |   0.0 |       0 |      18 |   0.0 |  1036
           D:8 |       0 |    1984 |   0.0 |       0 |      29 |   0.0 |  1395
           D:9 |       0 |    4057 |   0.0 |       0 |      41 |   0.0 |  1464
          D:10 |       0 |    4118 |   0.0 |       0 |      57 |   0.0 |  2058
          D:11 |       0 |    2852 |   0.0 |       0 |      20 |   0.0 |  1195
          D:12 |       0 |    5010 |   0.0 |       0 |      35 |   0.0 |  2080
          D:13 |       0 |    7312 |   0.0 |       0 |      26 |   0.0 |  1295
          D:14 |       0 |    6412 |   0.0 |       0 |      31 |   0.0 |  1702
          D:15 |       0 |   23561 |   0.0 |       0 |      46 |   0.0 |  2777
      Depths:1 |       0 |   30574 |   0.0 |       0 |      39 |   0.0 |  5800
      Depths:2 |       0 |   23285 |   0.0 |       0 |      43 |   0.0 |   346
        Bailey |       0 |     849 |   0.0 |       0 |      27 |   0.0 |   744
               +---------+---------+-------+---------+---------+-------+---------
